 Dungeon Crawl Stone Soup version 0.26-a0-667-g92642533e4 (webtiles) character file.

Game seed: 4846119904917578197

677 reriks the Shield-Bearer (level 7, -1/60 HPs)
             Began as a Gnoll Fighter on Oct 17, 2020.
             Succumbed to a scorpion's poison
             ... on level 5 of the Dungeon.
             The game lasted 00:02:52 (3944 turns).

reriks the Shield-Bearer (Gnoll Fighter)            Turns: 3944, Time: 00:02:52

Health: -1/60      AC: 17    Str: 19    XL:     7   Next: 60%
Magic:  10/10      EV:  9    Int: 12    God:
Gold:   281        SH: 16    Dex: 14    Spells: 11/11 levels left

rFire    . . .     SeeInvis .   B - +3 flail (protect)
rCold    . . .     Faith    .   c - +0 kite shield
rNeg     . . .     Spirit   .   b - +0 scale mail
rPois    .         Reflect  +   (no helmet)
rElec    .         Harm     .   r - +0 cloak
rCorr    .         Rampage  .   o - +0 pair of gloves
MR       .....                  (no boots)
Stlth    +.........             m - amulet of reflection
HPRegen  0.20/turn              (no ring)
MPRegen  0.12/turn              (no ring)

@: lethally poisoned (-1 -> -16), protection aura
A: distributed training, fangs 1, strong nose
a: no special abilities


You were on level 5 of the Dungeon.
You visited 1 branch of the dungeon, and saw 5 of its levels.

You collected 281 gold pieces.

Inventory:

Hand Weapons
 a - a +0 war axe
 B - a +3 flail of protection (weapon)
Missiles
 j - 6 boomerangs (quivered)
Armour
 b - a +0 scale mail (worn)
 c - a +0 kite shield (worn)
 o - a +0 pair of gloves (worn)
 r - a +0 cloak (worn)
Jewellery
 m - an amulet of reflection (around neck)
Wands
 l - a wand of acid (6)
Scrolls
 f - 2 scrolls of fog {unknown}
 g - 2 scrolls of noise {unknown}
 h - a scroll of amnesia {unknown}
 i - 4 scrolls of remove curse {unknown}
 n - a scroll of teleportation {unknown}
 s - a scroll of enchant armour {unknown}
 w - 2 scrolls of blinking {unknown}
 y - a scroll of random uselessness {unknown}
 C - a scroll of identify {unknown}
 D - a scroll of silence {unknown}
 E - a scroll of enchant weapon {unknown}
Potions
 d - a potion of might
 e - 3 potions of curing {unknown}
 k - a potion of flight {unknown}
 p - a potion of heal wounds {unknown}
 q - 2 potions of haste {unknown}
 t - a potion of berserk rage {unknown}
 u - a potion of ambrosia {unknown}
 v - a potion of cancellation {unknown}
 x - 2 potions of magic {unknown}
 z - a potion of lignification {unknown}
 A - a potion of stabbing {unknown}


   Skills:
 + Level 7.1 Fighting
 + Level 2.6 Short Blades
 + Level 2.6 Long Blades
 + Level 5.3 Axes
 + Level 2.6 Maces & Flails
 + Level 2.6 Polearms
 + Level 2.6 Staves
 + Level 2.6 Slings
 + Level 2.6 Bows
 + Level 2.6 Crossbows
 + Level 2.6 Throwing
 + Level 7.1 Armour
 + Level 2.6 Dodging
 + Level 2.6 Stealth
 + Level 7.1 Shields
 + Level 2.6 Unarmed Combat
 + Level 2.6 Spellcasting
 + Level 2.1 Conjurations
 + Level 2.1 Hexes
 + Level 2.1 Summonings
 + Level 2.1 Necromancy
 + Level 2.1 Translocations
 + Level 2.1 Transmutations
 + Level 2.1 Fire Magic
 + Level 2.1 Ice Magic
 + Level 2.1 Air Magic
 + Level 2.1 Earth Magic
 + Level 2.1 Poison Magic
 + Level 2.9 Invocations
 + Level 2.6 Evocations


You had 11 spell levels left.
You didn't know any spells.
Your spell library was empty.

Dungeon Overview and Level Annotations

Branches:
Dungeon (5/15)
 Temple: D:4-7

Altars:

Shops:
D:5 (}


Innate Abilities, Weirdness & Mutations

Your experience applies equally to all skills.
You have very sharp teeth.
Your uncanny sense of smell can sniff out nearby items.


Message History

You barely miss the scorpion.
You bite the scorpion, but do no damage.
The scorpion is severely wounded.
* * * LOW HITPOINT WARNING * * *
You feel very sick. You block the gnoll's attack.
The scorpion closely misses you. You block the gnoll's attack.
The gnoll closely misses you.
The gnoll hits you but does no damage. x2; The scorpion stings you!
* * * LOW HITPOINT WARNING * * *
You closely miss the scorpion.
The scorpion is severely wounded.
* * * LOW HITPOINT WARNING * * *
You feel sick. You block the gnoll's attack. x2
The gnoll completely misses you. The gnoll hits you with a +0 whip.
* * * LOW HITPOINT WARNING * * *
The scorpion stings you but does no damage.
You block the gnoll's attack.
You hit the scorpion.
The scorpion is almost dead.
You die...

... ... ... ∆ ##.##
#...# # #...# ####.####
#...# ....?.s.# #...#
.....Zg@#####...######
#.....ggg.!..........##
#.#....5..............#
...................)..#
..#.....###......####.#
........# #.#....# #.##
..#..#### #.#....# #...
(...# #.#....# #### .#.
#.#....#


You could see a scorpion, 4 gnolls, an ufetubus and a centaur zombie.

Vanquished Creatures
  Edmund (D:5)
  A phantom (D:4)
  A centaur (D:5)
  A scorpion (D:4)
  A hound (D:5)
  An orc priest (D:4)
  2 orc wizards (D:4)
  An iguana (D:4)
  A worker ant (D:4)
  A gnoll (D:1)
  7 adders
  2 white imps (D:5)
  3 oozes
  2 worms
  2 dart slugs
  2 leopard geckos (D:1)
  3 orcs
  9 bats
  2 giant cockroaches
  6 goblins
  12 hobgoblins
  7 jackals
  6 kobolds
  2 quokkas (D:2)
  A ball python (D:2)
  5 frilled lizards
  2 rats
84 creatures vanquished.

Notes
Turn   | Place    | Note
-------+----------+-------------------------------------------
     0 | D:1      | reriks the Gnoll Fighter began the quest for the Orb.
     0 | D:1      | Reached XP level 1. HP: 23/23 MP: 1/1
    68 | D:1      | Reached XP level 2. HP: 29/29 MP: 2/2
   142 | D:1      | Reached XP level 3. HP: 24/35 MP: 3/3
   738 | D:1      | Reached skill level 1 in Invocations
  1034 | D:2      | Reached skill level 1 in Short Blades
  1034 | D:2      | Reached skill level 1 in Long Blades
  1034 | D:2      | Reached skill level 1 in Maces & Flails
  1034 | D:2      | Reached skill level 1 in Polearms
  1034 | D:2      | Reached skill level 1 in Staves
  1034 | D:2      | Reached skill level 1 in Slings
  1034 | D:2      | Reached skill level 1 in Bows
  1034 | D:2      | Reached skill level 1 in Crossbows
  1034 | D:2      | Reached skill level 1 in Throwing
  1034 | D:2      | Reached skill level 1 in Dodging
  1034 | D:2      | Reached skill level 1 in Stealth
  1034 | D:2      | Reached skill level 1 in Unarmed Combat
  1034 | D:2      | Reached skill level 1 in Spellcasting
  1034 | D:2      | Reached skill level 1 in Evocations
  1123 | D:2      | Reached XP level 4. HP: 41/41 MP: 5/5
  1437 | D:2      | Reached skill level 1 in Conjurations
  1437 | D:2      | Reached skill level 1 in Hexes
  1437 | D:2      | Reached skill level 1 in Summonings
  1437 | D:2      | Reached skill level 1 in Necromancy
  1437 | D:2      | Reached skill level 1 in Translocations
  1437 | D:2      | Reached skill level 1 in Transmutations
  1437 | D:2      | Reached skill level 1 in Fire Magic
  1437 | D:2      | Reached skill level 1 in Ice Magic
  1437 | D:2      | Reached skill level 1 in Air Magic
  1437 | D:2      | Reached skill level 1 in Earth Magic
  1437 | D:2      | Reached skill level 1 in Poison Magic
  1892 | D:3      | Reached XP level 5. HP: 47/47 MP: 6/6
  2330 | D:3      | Found a faded altar of an unknown god.
  2753 | D:4      | Noticed a phantom
  2773 | D:4      | Killed a phantom
  2773 | D:4      | Reached XP level 6. HP: 45/53 MP: 8/8
  2945 | D:4      | Reached skill level 5 in Axes
  3420 | D:4      | Reached XP level 7. HP: 55/59 MP: 10/10
  3718 | D:5      | Entered Level 5 of the Dungeon
  3718 | D:5      | Found Ahywn's Weapon Boutique.
  3718 | D:5      | Noticed Edmund
  3724 | D:5      | Killed Edmund
  3821 | D:5      | Found Yqatheclu's Gadget Shop.
  3943 | D:5      | HP: 1/60 [gnoll/+0 whip (4)]
  3944 | D:5      | Succumbed to a scorpion's poison

Illustrated notes

Levels and vault maps discovered:
D:1:      minmay_arrival_jagged, layout_basic, minmay_misc_feat_rugged
D:2:      layout_basic
D:3:      layout_basic, chequers_ecumenical_altar_island
D:4:      layout_loops_corners
D:5:      layout_loops_cross, serial_shops,
          nicolae_shop_competitors_out_of_business, shop_statue,
          nicolae_shop_statue_plus, nicolae_shop_stone, st_stairs_4, uniq_edmund

Skill      XL: |  1  2  3  4  5  6  7 |
---------------+----------------------+-----
Invocations    | 1 2 |  2.9
Short Blades   | 1 2 |  2.6
Long Blades    | 1 2 |  2.6
Maces & Flails | 1 2 |  2.6
Polearms       | 1 2 |  2.6
Staves         | 1 2 |  2.6
Slings         | 1 2 |  2.6
Bows           | 1 2 |  2.6
Crossbows      | 1 2 |  2.6
Throwing       | 1 2 |  2.6
Dodging        | 1 2 |  2.6
Stealth        | 1 2 |  2.6
Unarmed Combat | 1 2 |  2.6
Spellcasting   | 1 2 |  2.6
Evocations     | 1 2 |  2.6
Conjurations   | 1 2 |  2.1
Hexes          | 1 2 |  2.1
Summonings     | 1 2 |  2.1
Necromancy     | 1 2 |  2.1
Translocations | 1 2 |  2.1
Transmutations | 1 2 |  2.1
Fire Magic     | 1 2 |  2.1
Ice Magic      | 1 2 |  2.1
Air Magic      | 1 2 |  2.1
Earth Magic    | 1 2 |  2.1
Poison Magic   | 1 2 |  2.1
Axes           | 5 |  5.3
Fighting       | 7 |  7.1
Armour         | 7 |  7.1
Shields        | 7 |  7.1

Action                   |  1- 3 |  4- 6 |  7- 9 || total
-------------------------+-------+-------+-------++-------
Melee: War axe           |    79 |   140 |     3 ||   222
       Bite              |    10 |    14 |     3 ||    27
       Flail             |       |       |    48 ||    48
Evoke: Wand              |       |       |     3 ||     3
Armor: Scale mail        |    32 |    37 |    34 ||   103
Dodge: Dodged            |    23 |    30 |    33 ||    86
Block: Kite shield       |    48 |   115 |    69 ||   232
       Reflection        |       |     4 |       ||     4

Table legend: (Time is in decaauts)
 A = Elapsed time spent in this place.
 B = Non-inter-level travel time spent in this place.
 C = Inter-level travel time spent in this place.
 D = Time resting spent in this place.
 E = Time spent auto-exploring this place.
 F = Levels seen in this place.
 G = Mean time per level.
                   A        B        C        D        E       F      G
               +--------+--------+--------+--------+--------+-----+--------+
         Total |   4034 |   3817 |    217 |    220 |   2989 |   5 |  806.8 |
       Dungeon |   4034 |   3817 |    217 |    220 |   2989 |   5 |  806.8 |
               +--------+--------+--------+--------+--------+-----+--------+

Top non-repeatable levels by time:
     D:4: 1073 daAuts
     D:2: 990 daAuts
     D:1: 939 daAuts
     D:3: 789 daAuts
     D:5: 242 daAuts
